Map: Torres crepusculares

Players

xXkazperXx - Winner!

  • Race: Zerg Zerg

RANURA DE IA (Media)

  • Race: Protoss Protoss

VOD

Have the link to the VOD?

Description

Time

  • Played on: March 6, 2016, 1:41 a.m.
  • Length: 27:04
Show
View Real Time Build Order
Export as new Build Order

xXkazperXx Zerg - Winner!

Build Orders: Pool First 

Get SALT Encoding   

  12  0:05  Drone  
  13  0:26  Drone  
  14  0:38  Spawning Pool  
  14  0:40  Overlord  
  13  0:44  Overlord  
  13  1:01  Drone x2  
  15  1:20  Drone x2  
  15  1:25  Extractor  
  16  1:26  Drone  
  17  1:37  Zergling x2  
  19  1:54  Zergling x2  
  19  1:55  Queen  
  21  2:11  Hatchery  
  20  2:26  Hatchery  
  19  2:30  Queen  
  21  2:45  Roach Warren  
  20  2:57  Drone x3  
  23  3:06  Pneumatized Carapace  
  23  3:14  Drone x3  
  26  3:21  Extractor  
  26  3:26  Drone  
  26  3:37  Zergling x4  
  28  3:49  Queen  
  28  3:55  Drone x2  
  32  4:02  Roach x3  
  38  4:12  Zergling x8  
  38  4:15  Overlord  
  42  4:33  Drone x5  
  47  4:47  Overlord x2  
  47  4:48  Overlord  
  47  4:49  Drone  
  47  4:51  Drone  
  49  4:53  Drone  
  50  5:29  Drone x3  
  48  6:14  Roach x5  
  48  6:15  Zergling x10  
  63  6:19  Lair  
  63  6:42  Drone x4  
  63  6:43  Drone x6  
  63  6:45  Overlord x2  
  73  6:51  Extractor  
  72  6:54  Extractor  
  72  6:58  Extractor  
  70  7:04  Extractor  
  69  7:11  Drone x3  
  69  7:12  Drone x3  
  75  7:18  Burrow  
  75  7:25  Drone x3  
  78  8:15  Hydralisk Den  
  77  8:23  Spire  
  76  8:31  Zergling x6  
  76  8:33  Zergling x10  
  84  8:36  Roach x2  
  84  8:37  Overlord  
  84  8:38  Overlord x3  
  88  8:44  Drone  
  89  9:10  Hatchery  
  88  9:26  Hydralisk  
  88  9:27  Hydralisk x5  
  100  9:32  Hydralisk x3  
  100  9:33  Hydralisk x3  
  112  9:39  Mutalisk x4  
  112  9:45  Muscular Augments  
  120  9:50  Drone  
  113  10:24  Drone  
  114  10:38  Drone  
  114  10:42  Drone x3  
  118  10:55  Drone x3  
  121  10:58  Overlord x3  
  121  11:04  Lurker Den  
  121  11:08  Zerg Flyer Weapons Level 1  
  121  11:10  Metabolic Boost  
  121  11:20  Infestation Pit  
  120  11:50  Drone x4  
  120  11:51  Drone x2  
  126  12:02  Drone x2  
  126  12:03  Drone x6  
  134  12:21  Glial Reconstitution  
  134  12:38  Hydralisk x7  
  134  12:39  Hydralisk  
  150  12:53  Spine Crawler  
  150  12:54  Spine Crawler  
  148  12:58  Spine Crawler  
  148  13:04  Spine Crawler x2  
  145  13:07  Spine Crawler  
  144  13:16  Mutalisk x3  
  150  13:26  Drone x2  
  152  13:29  Overlord  
  147  14:13  Drone  
  147  14:14  Drone x2  
  150  14:41  Evolution Chamber  
  149  14:47  Baneling Nest  
  148  14:56  Hydralisk x5  
  148  14:58  Overlord  
  158  15:01  Overlord  
  158  15:02  Overlord x2  
  158  15:04  Overlord x3  
  158  15:23  Queen  
  160  15:38  Extractor  
  160  15:41  Extractor  
  158  16:18  Zergling x6  
  161  16:26  Hatchery  
  161  16:31  Extractor  
  161  16:32  Extractor  
  136  17:41  Baneling x5  
  136  17:53  Queen  
  136  17:55  Drone x2  
  124  19:33  Zergling x8  
  124  19:36  Mutalisk x2  
  124  19:37  Mutalisk  
  134  19:45  Hydralisk x2  
  134  19:46  Hydralisk x6  
  134  19:51  Zergling x10  
  155  20:22  Roach x2  
  155  20:23  Roach  
  155  20:24  Zergling x6  
  117  21:08  Mutalisk x4  
  117  21:09  Mutalisk  
  127  21:21  Hatchery  
  109  22:23  Mutalisk x6  
  109  22:27  Hydralisk x6  
  131  22:31  Hydralisk x6  
  131  22:34  Mutalisk x4  
  131  22:35  Mutalisk  
  151  22:38  Zergling x6  
  144  23:08  Ravager  
  145  23:15  Zerg Flyer Weapons Level 2  
  143  23:39  Baneling x4  
  143  23:40  Baneling x2  
  131  25:21  Mutalisk x3  
  129  25:26  Mutalisk x2  
  129  25:27  Mutalisk  
  141  25:35  Mutalisk x3  
  143  25:37  Mutalisk x3  
  143  25:39  Mutalisk x3  
  143  25:42  Mutalisk x3  
Show
View Real Time Build Order
Export as new Build Order

RANURA DE IA (Media) Protoss 

Build Orders:  

Get SALT Encoding   

  12  0:01  Probe (Chrono Boost)  
  13  0:11  Probe (Chrono Boost)  
  14  0:19  Pylon  
  14  0:22  Probe (Chrono Boost)  
  15  0:38  Probe (Chrono Boost)  
  16  0:47  Assimilator  
  16  0:48  Gateway, Probe (Chrono Boost)  
  17  0:59  Pylon, Probe (Chrono Boost)  
  18  1:27  Gateway  
  18  1:32  Assimilator  
  18  1:34  Zealot  
  18  1:37  Cybernetics Core  
  20  1:58  Zealot  
  22  2:02  Pylon  
  22  2:07  Warp Gate  
  22  2:13  Stalker  
  24  2:23  Adept  
  27  2:30  Probe (Chrono Boost)  
  27  2:41  Probe (Chrono Boost)  
  27  2:42  Zealot  
  30  2:46  Pylon  
  30  2:49  Stalker  
  32  2:53  Probe (Chrono Boost)  
  33  3:02  Forge  
  33  3:05  Probe (Chrono Boost)  
  34  3:16  Probe (Chrono Boost)  
  36  3:28  Probe (Chrono Boost)  
  36  4:23  Probe (Chrono Boost)  
  36  4:57  Sentry  
  36  4:58  Probe (Chrono Boost)  
  39  5:02  Pylon  
  39  5:04  Photon Cannon, Nexus  
  39  5:07  Photon Cannon  
  39  5:09  Robotics Facility  
  39  5:10  Stalker  
  39  5:11  Stargate  
  41  5:14  Gateway  
  41  5:16  Twilight Council  
  42  5:21  Probe (Chrono Boost)  
  42  5:23  Stalker  
  44  5:36  Pylon, Sentry  
  42  5:49  Sentry  
  36  5:56  Observer  
  37  6:01  Adept  
  39  6:14  Stalker  
  39  6:16  Observer  
  42  6:20  Probe (Chrono Boost), Forge  
  44  6:26  Probe (Chrono Boost)  
  44  6:27  Zealot  
  44  6:32  Probe (Chrono Boost)  
  47  6:37  Probe (Chrono Boost)  
  48  6:40  Zealot  
  48  6:42  Pylon  
  48  6:43  Probe (Chrono Boost)  
  51  6:49  Pylon, Probe (Chrono Boost)  
  51  6:53  Stalker  
  51  6:54  Probe (Chrono Boost)  
  55  7:00  Probe (Chrono Boost)  
  56  7:05  Probe (Chrono Boost)  
  56  7:06  Adept  
  59  7:10  Photon Cannon  
  59  7:11  Probe (Chrono Boost)  
  59  7:14  Photon Cannon  
  61  7:15  Probe (Chrono Boost)  
  61  7:22  Probe (Chrono Boost)  
  62  7:26  Probe (Chrono Boost)  
  63  7:32  Probe (Chrono Boost)  
  65  7:37  Probe (Chrono Boost)  
  65  7:43  Probe (Chrono Boost)  
  66  7:47  Probe (Chrono Boost)  
  67  7:53  Probe (Chrono Boost)  
  68  8:00  Assimilator  
  68  8:07  Assimilator  
  68  8:30  Probe (Chrono Boost)  
  68  8:33  Probe (Chrono Boost)  
  70  8:40  Probe (Chrono Boost)  
  71  9:23  Protoss Ground Armor Level 1  
  71  9:25  Protoss Ground Weapons Level 1, Warp Prism  
  71  9:26  Stalker  
  71  9:29  Gateway  
  75  9:33  Robotics Bay  
  75  9:36  Robotics Facility, Nexus  
  75  9:37  Stalker  
  77  9:39  Pylon  
  77  9:44  Templar Archives  
  77  9:45  Stargate  
  77  9:51  Fleet Beacon  
  77  9:59  Observer  
  65  10:01  Zealot  
  58  10:12  Stalker  
  60  10:17  Observer Gravitic Boosters, Warp Prism  
  62  10:22  Stalker  
  64  10:33  Stalker  
  66  10:44  Dark Shrine, Stalker  
  69  10:50  Probe (Chrono Boost)  
  69  10:53  Probe (Chrono Boost)  
  69  10:54  Sentry  
  69  10:55  Probe (Chrono Boost)  
  73  10:58  Assimilator  
  73  10:59  Pylon x2  
  73  11:02  Probe (Chrono Boost)  
  73  11:03  Disruptor  
  75  11:04  Assimilator  
  75  11:05  Probe x2 (Chrono Boost)  
  75  11:09  Gravitic Drive  
  79  11:14  Disruptor, Probe (Chrono Boost)  
  83  11:20  Photon Cannon  
  83  11:22  Photon Cannon  
  83  11:23  Tempest  
  87  13:23  Blink  
  87  13:25  Protoss Ground Weapons Level 2  
  87  13:27  Protoss Air Weapons Level 1, Protoss Ground Armor Level 2  
  87  13:31  Zealot  
  89  13:38  Zealot  
  91  13:45  Sentry  
  93  13:53  Adept  
  95  13:59  Immortal  
  84  14:04  Colossus  
  84  14:07  Carrier  
  79  14:16  Nexus  
  85  14:21  Stalker  
  87  14:28  Stalker  
  89  14:35  Zealot  
  91  14:43  Stalker  
  93  14:50  Stalker  
  95  14:57  Sentry  
  97  15:09  Protoss Air Armor Level 1  
  97  15:27  Protoss Ground Weapons Level 3  
  97  15:29  Protoss Shields Level 1  
  97  15:39  Pylon  
  97  15:43  Pylon  
  97  15:48  Assimilator  
  97  15:51  Assimilator  
  97  16:05  Photon Cannon  
  97  16:07  Photon Cannon  
  97  16:51  Protoss Air Weapons Level 2  
  97  17:04  Tempest  
  101  17:13  Colossus  
  101  17:14  Protoss Ground Armor Level 3  
  91  17:24  Zealot  
  73  17:31  Zealot  
  75  17:38  Adept  
  77  17:45  Stalker  
  79  17:52  Stalker  
  79  17:57  Immortal  
  79  17:58  Protoss Shields Level 2  
  85  18:07  Stalker  
  87  18:14  Zealot  
  89  18:21  Sentry  
  91  18:28  Sentry  
  91  18:33  Void Ray  
  71  18:42  Immortal  
  74  18:49  Probe (Chrono Boost)  
  74  18:50  Stalker  
  74  18:51  Probe (Chrono Boost)  
  69  18:57  Pylon, Stalker  
  69  18:58  Probe (Chrono Boost)  
  69  18:59  Pylon  
  69  19:00  Probe (Chrono Boost)  
  69  19:01  Protoss Air Armor Level 2  
  66  19:04  Probe (Chrono Boost), Void Ray  
  67  19:10  Probe x2 (Chrono Boost), Immortal  
  67  19:16  Probe (Chrono Boost)  
  70  19:18  Void Ray  
  70  19:21  Probe (Chrono Boost)  
  70  19:22  Probe (Chrono Boost)  
  76  19:26  Immortal  
  76  19:27  Probe (Chrono Boost)  
  81  19:32  Probe x2 (Chrono Boost)  
  81  19:33  Nexus  
  81  19:34  Zealot  
  70  19:39  Pylon, Probe (Chrono Boost)  
  70  19:44  Assimilator, Nexus, Probe (Chrono Boost)  
  70  19:45  Void Ray  
  60  19:48  Zealot  
  60  19:51  Probe (Chrono Boost)  
  66  19:56  Probe (Chrono Boost), Zealot  
  66  19:58  Assimilator  
  69  20:03  Probe (Chrono Boost), Zealot  
  69  20:05  Protoss Shields Level 3  
  73  20:08  Probe (Chrono Boost)  
  73  20:10  Stalker  
  76  20:15  Probe (Chrono Boost), Colossus  
  76  20:20  Tempest, Probe (Chrono Boost)  
  83  20:21  Pylon  
  83  20:26  Probe (Chrono Boost)  
  78  20:32  Probe (Chrono Boost), Adept  
  67  20:38  Probe (Chrono Boost), Stalker  
  67  20:43  Probe (Chrono Boost)  
  67  20:45  Sentry  
  67  20:46  Pylon  
  67  20:49  Pylon  
  63  20:50  Probe x2 (Chrono Boost)  
  63  20:51  Stalker  
  63  20:54  Probe (Chrono Boost)  
  62  20:58  Stalker  
  62  21:02  Probe (Chrono Boost)  
  62  21:03  Probe (Chrono Boost)  
  65  21:04  Assimilator, Sentry  
  65  21:07  Probe (Chrono Boost)  
  65  21:10  Probe (Chrono Boost)  
  65  21:11  Immortal  
  72  21:13  Pylon  
  72  21:14  Probe (Chrono Boost)  
  72  21:15  Probe (Chrono Boost)  
  75  21:19  Probe (Chrono Boost)  
  75  21:22  Pylon  
  75  21:23  Photon Cannon  
  75  21:25  Probe (Chrono Boost)  
  76  21:26  Probe x2 (Chrono Boost)  
  76  21:31  Probe (Chrono Boost)  
  78  21:38  Probe (Chrono Boost), Nexus  
  78  21:39  Photon Cannon, Probe (Chrono Boost)  
  80  21:40  Tempest  
  80  21:42  Assimilator  
  80  21:43  Probe (Chrono Boost)  
  80  21:44  Assimilator  
  72  21:47  Probe (Chrono Boost), Photon Cannon  
  72  21:50  Adept  
  65  21:56  Sentry  
  65  21:59  Photon Cannon  
  60  22:03  Stalker  
  58  22:09  Zealot  
  58  22:16  Stalker  
  41  22:22  Sentry  
  38  22:30  Stalker  
  38  22:37  Zealot  
  38  22:40  Void Ray  
  38  22:42  Pylon  
  39  22:48  Immortal  
  47  22:59  Zealot  
  47  23:02  Nexus  
  41  23:14  Stalker  
  40  23:20  Probe (Chrono Boost)  
  40  23:25  Probe (Chrono Boost)  
  41  23:30  Probe (Chrono Boost)  
  41  23:33  Probe (Chrono Boost)  
  39  23:37  Probe (Chrono Boost)  
  40  23:43  Probe (Chrono Boost)  
  33  23:53  Stalker  
  35  23:58  Probe (Chrono Boost)  
  29  24:24  Pylon  
  27  24:42  Pylon  
  22  24:54  Nexus  
  22  25:02  Pylon  
  22  25:26  Zealot  
  19  25:50  Probe (Chrono Boost)  
  19  25:53  Probe (Chrono Boost)  
  19  25:56  Probe (Chrono Boost)  
  21  26:00  Gateway  
  21  26:11  Pylon, Probe (Chrono Boost)  
  22  26:30  Nexus  
  15  26:50  Pylon  
Tags
 
Add a new tag
Caveats
  • Supply blocks, unpowered buildings, or Contaminate may cause inaccurate times.
  • Supply counts are checked every 10 seconds.